 Dungeon Crawl Stone Soup version 0.30.0-19-g36f170ea60 (webtiles) character file.

Game seed: 13149438654101436123

58 sampeng1 the Trooper (level 3, 0/33 HPs)
             Began as a Draconian Berserker on May 26, 2023.
             Was a Believer of Trog.
             Slain by Crazy Yiuf
             ... wielding a +2 quarterstaff of chaos
              (19 damage)
             ... on level 2 of the Dungeon.
             The game lasted 00:06:19 (2046 turns).

sampeng1 the Trooper (Draconian Berserker)          Turns: 2046, Time: 00:06:20

Health: 0/33       AC:  6    Str: 21    XL:     3   Next: 75%
Magic:  2/3        EV: 12    Int:  7    God:    Trog [**....]
Gold:   65         SH:  0    Dex: 10    Spells: 2/2 levels left

rFire   . . .        a - +0 hand axe
rCold   . . .        (no shield)
rNeg    . . .        (body armour unavailable)
rPois   .            (helmet restricted)
rElec   .            (no cloak)
rCorr   +            (no gloves)
SInv    .            m - +0 pair of boots
Will    .....        (no amulet)
Stlth   +            k - ring of resist corrosion
HPRegen 0.25/turn    (no ring)
MPRegen 0.08/turn

%: clarity
@: flying
A: AC +5, unfitting armour, cold-blooded, big wings, clarity, wild magic 1
a: Renounce Religion, Berserk, Trog's Hand


You were on level 2 of the Dungeon.
You worshipped Trog.
Trog was pleased with you.
You visited 1 branch of the dungeon, and saw 2 of its levels.

You collected 65 gold pieces.

Inventory:

Hand Weapons
 a - a +0 hand axe (weapon)
Armour
 m - a +0 pair of boots (worn)
Jewellery
 k - a ring of resist corrosion (left hand)
Scrolls
 c - a scroll of amnesia
 d - a scroll of magic mapping {unknown}
 e - 3 scrolls of teleportation
 i - 3 scrolls of identify
Potions
 b - 2 potions of might
 f - a potion of mutation
 g - a potion of brilliance {unknown}
 h - a potion of cancellation {unknown}
 j - a potion of heal wounds
 l - a potion of berserk rage {unknown}


   Skills:
 + Level 4.0 Fighting
 + Level 3.6 Axes
 + Level 3.3 Dodging


You had 2 spell levels left.
You didn't know any spells.
Your spell library was empty.

Dungeon Overview and Level Annotations

Branches:
Dungeon (2/15)

Altars:

Annotations:
D:2 Crazy Yiuf


Innate Abilities, Weirdness & Mutations

Your plain brown scales are hard. (AC +5)
You cannot fit into any form of body armour.
You are cold-blooded and may be slowed by cold attacks.
Your large and strong wings let you fly.
You possess an exceptional clarity of mind.
Your spells are a little harder to cast, but a little more powerful.


Message History

You start putting on your armour.
You continue putting on your +0 pair of boots. x4
You finish putting on your +0 pair of boots.
There is a stone staircase leading down here.
Partly explored, can't reach some places.
You hit the fungus.
The fungus begins to die.
The fungus is lightly damaged.
You hit the fungus.
The fungus begins to die.
You completely miss the fungus. You hit the fungus.
The fungus is lightly damaged.
You hit the fungus. x2; The fungus begins to die.
You hit the fungus.
The fungus is lightly damaged.
You hit the fungus. x2
You slash the fungus!
The fungus is lightly damaged.
You hit the fungus. x2; A nearby fungus withers and dies.
A nearby fungus withers and dies. x2
You slash the fungus!
The fungus begins to die.
The fungus is lightly damaged.
You hit the fungus.
The fungus begins to die.
You hit the fungus.
The fungus is lightly damaged.
You hit the fungus. You hit the fungus. You tail-slap the fungus.
The fungus is lightly damaged.
You hit the fungus.
A nearby fungus withers and dies. x2
Found a hammer.
Found a runed translucent door.
Crazy Yiuf shouts!
You reach down and open the door.
You hit Crazy Yiuf.
Crazy Yiuf is moderately wounded.
Crazy Yiuf hits you with a +2 quarterstaff of chaos.
You feel your power leaking away.
You hit Crazy Yiuf but do no damage.
Crazy Yiuf is moderately wounded.
Crazy Yiuf hits you with a +2 quarterstaff of chaos!
You are electrocuted!!
Ouch! That really hurt!
You die...

#..##
##.......##
####
##.....##
##...##
##### ##'##
# #)..# #.#
# #...# #.#
# ... ##.##
# #g#
##...#### #
♣@♣♣
##.......###
♣♣.♣
#...........
♣.♣♣
###..###.###
♣♣.♣ #..#
#.# ♣♣.♣♣
#..###.#
♣...♣
#..<...#
♣♣...♣
##.#####
#....# #.#
#....# #.#


You could see Crazy Yiuf.

Vanquished Creatures
  An adder (D:2)
  2 dart slugs (D:2)
  2 endoplasms
  3 giant cockroaches (D:1)
  6 goblins
  5 hobgoblins
  2 jackals (D:1)
  3 quokkas (D:1)
  6 ball pythons (D:1)
  4 bats
  4 frilled lizards
  3 kobolds
  2 rats (D:2)
43 creatures vanquished.

Notes
Turn   | Place    | Note
-------+----------+-------------------------------------------
     0 | D:1      | sampeng1 the Draconian Berserker began the quest for the
                  | Orb.
     0 | D:1      | Reached XP level 1. HP: 19/19 MP: 1/1
    35 | D:1      | Found a faded altar of an unknown god.
   187 | D:1      | Reached XP level 2. HP: 22/26 MP: 2/2
  1103 | D:1      | Gained mutation: You possess an exceptional clarity of
                  | mind. [potion of mutation]
  1103 | D:1      | Gained mutation: Your large and strong wings let you fly.
                  | [potion of mutation]
  1103 | D:1      | Gained mutation: Your spells are a little harder to cast,
                  | but a little more powerful. [potion of mutation]
  1145 | D:2      | Reached XP level 3. HP: 30/33 MP: 3/3
  1203 | D:2      | Reached ** piety under Trog
  1466 | D:2      | Reached skill level 4 in Fighting
  2040 | D:2      | Found a runed translucent door.
  2041 | D:2      | Noticed Crazy Yiuf
  2046 | D:2      | Slain by Crazy Yiuf

Illustrated notes

Levels and vault maps discovered:
D:1:      eino_arrival_cavern_e, layout_basic, nicolae_ecumenical_snake_handling
D:2:      layout_loops_corners, uniq_crazy_yiuf_cottage

Skill      XL: |  1  2  3 |
---------------+----------+-----
Dodging        | 3 |  3.3
Fighting       | 4 |  4.0
Axes           | |  3.6

Action                     || total
---------------------------++-------
  Melee: Hand axe          ||   117
         Tailslap          ||    11
         Punch             ||     1
    Use: Scroll            ||     3
         Potion            ||     3
   Stab: Sleeping          ||     1
 Armour: Skin              ||    35
  Dodge: Dodged            ||    75
